 Dungeon Crawl Stone Soup version 0.16.2-12-gd0ad4c3 (webtiles) character file.

178 Kloppie the Sneak (level 5, -1/42 HPs)
             Began as a Naga Enchanter on Oct 27, 2015.
             Slain by Kloppie's ghost (2 damage)
             ... on level 4 of the Dungeon.
             The game lasted 00:07:25 (2820 turns).

Kloppie the Sneak (Naga Enchanter)                  Turns: 2820, Time: 00:07:25

Health: -1/42      AC:  6    Str: 10    XL:     5   Next: 58%
Magic:  8/9        EV:  9    Int: 15    God:
Gold:   130        SH:  0    Dex: 13    Spells: 3 memorised, 2 levels left

rFire  . . .     SeeInvis +     a - +1 dagger
rCold  . . .     Clarity  .     b - +1 robe
rNeg   . . .     SustAb   .     (no shield)
rPois  +         Gourm    .     g - +2 helmet
rElec  .         Spirit   .     (no cloak)
rCorr  .         Warding  .     (no gloves)
rMut   .         Stasis   .     (no barding)
MR     .....                    (no amulet)
Stlth  ++........               (no ring)
                                (no ring)

@: glowing, drained, very slow, not resistant to hostile enchantments,
unstealthy
A: spit poison, see invisible, deformed body, poison resistance, slowness 2, AC
+1
a: Spit Poison


You were on level 4 of the Dungeon.
You were not hungry.

You visited 1 branch of the dungeon, and saw 4 of its levels.

You collected 130 gold pieces.

Inventory:

Hand weapons
 a - a +1 dagger (weapon)
 n - a +0 short sword
 p - a +0 dagger of draining
Armour
 b - a +1 robe (worn)
 g - a +2 helmet (worn)
 u - a cursed +0 robe
Jewellery
 f - an uncursed ring of protection from cold {unknown}
 k - an uncursed amulet of resist corrosion {unknown}
 l - an uncursed ring of sustain abilities {unknown}
Magical devices
 v - a wand of confusion (20)
Scrolls
 e - a scroll of identify {unknown}
 m - 3 scrolls of blinking {unknown}
 o - a scroll of remove curse {unknown}
 t - a scroll of enchant armour {unknown}
 x - a scroll of teleportation {unknown}
Potions
 h - a potion of curing {unknown}
 i - a potion of brilliance {unknown}
 j - 2 potions of mutation {unknown}
 r - 2 potions of agility {unknown}
 s - a potion of haste {unknown}
Books
 c - a book of Maledictions

   Spells                             Type                      Level
   a - Corona                         Hexes                        1
   b - Sure Blade                     Hexes/Charms                 2
   c - Ensorcelled Hibernation        Hexes/Ice                    2
   d - Confuse                        Hexes                        3
   e - Dazzling Spray                 Conjuration/Hexes            3
   f - Enslavement                    Hexes                        4
 w - a book of Party Tricks

   Spells                             Type                      Level
   a - Summon Butterflies             Summoning                    1
   b - Apportation                    Translocation                1
   c - Tukima's Dance                 Hexes                        3
   d - Alistair's Intoxication        Transmutation/Poison         4
   e - Invisibility                   Hexes                        6
Comestibles
 d - 3 bread rations
 q - a meat ration
 z - a chunk of flesh


   Skills:
 + Level 3.6(2.6) Short Blades
 - Level 1.5(0.6) Dodging
 - Level 7.0(5.9) Stealth
 - Level 2.0(1.0) Spellcasting
 + Level 3.3(2.3) Hexes


You had 2 spell levels left.
You knew the following spells:

 Your Spells              Type           Power        Failure   Level  Hunger
a - Corona                Hex            #......      12%         1    ##.....
b - Ensorcelled Hibernat  Hex/Ice        #.....       28%         2    ###....
c - Confuse               Hex            #.......     30%         3    ####...


Dungeon Overview and Level Annotations

Branches:
Dungeon (4/15)
 Temple: D:4-7

Altars:
Fedhas
The Shining One

Shops:
D:4 =(%

Annotations:
D:4 Eustachio; Kloppie's ghost, average VSEn; Pikel


Innate Abilities, Weirdness & Mutations

You cannot wear boots.
You can spit poison.
Your serpentine skin is tough (AC +1).
You have supernaturally acute eyesight.
Armour fits poorly on your strangely shaped body.
Your system is resistant to poisons.
You cover ground very slowly.


Message History

* * * LOW HITPOINT WARNING * * *
The river rat bites you.
* * * LOW HITPOINT WARNING * * *
The bat completely misses you.
Press: ? - help, v - describe, . - travel
Here: Kloppie's ghost, wielding a weapon of venom The floor.
A phantom comes into view.
Kloppie's ghost closely misses you.
The phantom blinks!
Kloppie's ghost hits you.
* * * LOW HITPOINT WARNING * * *
The river rat bites you but does no damage.
Found a brightly glowing brass ring.
Found a stone staircase leading up.
Read which item? (? for menu, Esc to quit)
Okay, then.
Drink which item? (? for menu, Esc to quit)
Okay, then.
Kloppie's ghost hits you.
You die...

.# ..#.. .# # .####.#.#
.#######.# ########.#<.....
..........................
>......................#.#
.#....#.##..=..........#.#
.#.##.# #.........#...#.#
.#.##.# #......W..#...#.#
.#..♣.# .#....@Wr....#.#
.#♣.∩.♣ #.#..####...).#.#
.#.#♣.# ##.##.# #.....#.#
.#.##.#.##.##.## #....##.#
.#...<..##.....# #....##b#
.########≈≈≈≈≈.# ###.###.#
.........≈###≈.#####.###.#
.........≈#∩#≈.....b.....#
#########≈#'#≈#........######


You could see a phantom, Kloppie's ghost and a river rat.

Vanquished Creatures
  A hound (D:4)
  Ijyb (D:2)
  Jessica (D:2)
  4 adders
  2 worms
  A giant gecko (D:3)
  An orc (D:4)
  A ball python (D:1)
  4 giant cockroaches
  8 goblins
  3 hobgoblins
  9 jackals (D:1)
  3 quokkas (D:2)
  7 bats
  3 giant newts (D:2)
  5 kobolds
  A quokka skeleton (D:4)
  8 rats
63 creatures vanquished.

Notes
Turn   | Place    | Note
--------------------------------------------------------------
     0 | D:1      | Kloppie, the Naga Enchanter, began the quest for the Orb.
     0 | D:1      | Reached XP level 1. HP: 15/15 MP: 3/3
   111 | D:1      | Reached skill level 5 in Stealth
   111 | D:1      | Reached XP level 2. HP: 2/22 MP: 4/4
   113 | D:1      | HP: 1/22 [jackal (1)]
   758 | D:1      | Reached XP level 3. HP: 26/28 MP: 6/6
  1136 | D:2      | Learned a level 2 spell: Ensorcelled Hibernation
  1140 | D:2      | Learned a level 3 spell: Confuse
  1296 | D:2      | Noticed Ijyb
  1311 | D:2      | Killed Ijyb
  1311 | D:2      | Reached skill level 6 in Stealth
  1311 | D:2      | Reached XP level 4. HP: 34/36 MP: 0/7
  1458 | D:2      | Noticed Jessica
  1459 | D:2      | Killed Jessica
  1641 | D:2      | Found a glowing golden altar of the Shining One.
  2162 | D:3      | Reached XP level 5. HP: 35/42 MP: 9/9
  2398 | D:3      | Reached skill level 7 in Stealth
  2459 | D:3      | Found a blossoming altar of Fedhas.
  2637 | D:4      | Found Wirautra's Weapon Shoppe.
  2648 | D:4      | Found Mnuas' Jewellery Shop.
  2670 | D:4      | Found Fudyn's Food Boutique.
  2765 | D:4      | Noticed an ogre
  2768 | D:4      | Noticed Pikel
  2781 | D:4      | Noticed Eustachio
  2808 | D:4      | Noticed Kloppie's ghost (average VSEn)
  2813 | D:4      | HP: 2/42 [river rat[Eustachio] (5)]
  2817 | D:4      | Noticed a phantom
  2818 | D:4      | HP: 1/42 [Kloppie's ghost (2)]
  2820 | D:4      | Slain by Kloppie's ghost

Action                   |  1- 3 |  4- 6 || total
-------------------------+-------+-------++-------
Melee: Dagger            |   129 |   105 ||   234
 Cast: Ensorcelled Hiber |     3 |     3 ||     6
 Abil: Spit Poison       |     1 |     1 ||     2
 Stab: Sleeping          |     7 |    13 ||    20
  Eat: Chunk             |     1 |     6 ||     7
